 Dungeon Crawl Stone Soup version 0.16.1-14-g82efdee (webtiles) character file.

2037 hulla the Changer (level 9, -2/57 HPs)
             Began as an Octopode Transmuter on Apr 12, 2015.
             Was a Priest of Makhleb.
             Slain by a goliath beetle (24 damage)
             ... on level 7 of the Dungeon.
             The game lasted 00:33:13 (8647 turns).

hulla the Changer (Octopode Transmuter)             Turns: 8647, Time: 00:33:13

Health: -2/57      AC:  2    Str:  9    XL:     9   Next: 24%
Magic:  23/23      EV: 24    Int: 18    God:    Makhleb [***...]
Gold:   309        SH:  0    Dex: 18    Spells: 4 memorised, 2 levels left

rFire  . . .     SeeInvis .       - Unarmed
rCold  + . .     Clarity  +     (shield currently unavailable)
rNeg   . . .     SustAb   .     (helmet currently unavailable)
rPois  x         Gourm    .     H - amulet of clarity
rElec  .         Spirit   .     l - ring of protection from cold
rCorr  .         Warding  .     g - ring of protection from magic (curse)
rMut   .         Stasis   .     C - ring of magical power
MR     +....                    D - ring of stealth
Stlth  +++.......               (no ring)
                                (no ring)
                                (no ring)
                                (no ring)

@: spider-form (expiring), somewhat resistant to hostile enchantments, fairly
stealthy
A: almost no armour, amphibious, 8 rings, (constrict 8), (camouflage 0),
(gelatinous body 0)
a: End Transformation, Minor Destruction, Lesser Servant of Makhleb, Renounce
Religion


You were on level 7 of the Dungeon.
You worshipped Makhleb.
Makhleb was most pleased with you.
You were not hungry.
You were a venomous arachnid creature.
You visited 2 branches of the dungeon, and saw 8 of its levels.
You also visited: Sewer and Ossuary.

You collected 309 gold pieces.

Inventory:

Hand weapons
 a - a cursed +0 hunting sling
Missiles
 b - 91 arrows
 p - 26 sling bullets
 q - 64 stones (quivered)
Rods
 I - a +1 rod of destruction (14/14)
   (You found it on level 5 of the Dungeon)
Jewellery
 g - a cursed ring of protection from magic (right front leg)
 l - a ring of protection from cold (left front leg)
 s - an uncursed ring of protection from cold
 C - a ring of magical power (on tentacle)
 D - a ring of stealth (on tentacle)
 H - an amulet of clarity (around neck)
 N - an uncursed ring of ice {unknown}
Magical devices
 t - a wand of frost (16)
 w - a wand of confusion (19)
 J - a wand of lightning (4)
Scrolls
 c - 2 scrolls of enchant weapon
 e - a scroll of silence {unknown}
 f - 4 scrolls of remove curse
 k - 9 scrolls of identify {unknown}
 v - 2 scrolls of noise {unknown}
 y - 3 scrolls of fog {unknown}
 z - a scroll of fear {unknown}
 E - 2 scrolls of teleportation {unknown}
 G - a scroll of random uselessness {unknown}
 L - a scroll of magic mapping
 O - a scroll of enchant armour {unknown}
 P - a scroll of amnesia
Potions
 i - 2 potions of lignification {unknown}
 m - 2 potions of curing
 n - a potion of restore abilities {unknown}
 o - 2 potions of degeneration {unknown}
 r - a potion of berserk rage {unknown}
 u - a potion of brilliance {unknown}
 A - a potion of haste
 F - 3 potions of poison {unknown}
 K - a potion of magic {unknown}
Books
 d - a book of Changes

   Spells                             Type                      Level
   a - Beastly Appendage              Transmutation                1
   b - Sticks to Snakes               Transmutation                2
   c - Spider Form                    Transmutation/Poison         3
   d - Ice Form                       Ice/Transmutation            4
   e - Blade Hands                    Transmutation                5
Comestibles
 h - 4 beef jerkies
 j - 7 bread rations
 x - a royal jelly
 B - 6 fruits
 M - 3 meat rations


   Skills:
 + Level 3.6 Fighting
 - Level 5.1 Dodging
 - Level 3.0 Unarmed Combat
 - Level 2.0 Spellcasting
 + Level 7.8 Transmutations
 - Level 5.6 Ice Magic
 - Level 4.0 Poison Magic


You had 2 spell levels left.
You knew the following spells:

 Your Spells              Type           Power        Failure   Level  Hunger
a - Beastly Appendage     Trmt           ####..       4%          1    #......
b - Spider Form           Trmt/Pois      ###.......   17%         3    ###....
c - Sticks to Snakes      Trmt           ####......   6%          2    ###....
d - Ice Form              Ice/Trmt       ####....     32%         4    #####..


Dungeon Overview and Level Annotations

Branches:
Dungeon (7/15)             Temple (1/1) D:4

Altars:
Ashenzari
Cheibriados
Dithmenos
Elyvilon
Fedhas
Gozag
Kikubaaqudgha
Makhleb
Ru
Sif Muna
Trog
Xom
Yredelemnul
Zin
The Shining One


Innate Abilities, Weirdness & Mutations

You cannot wear most types of armour.
You are amphibious.
You can wear up to eight rings at the same time.
((You can use your tentacles to constrict many enemies at once.))
((Your skin changes colour to match your surroundings (Stealth).))
((Your rubbery body absorbs attacks (AC +1).))


Message History

You hit the orc.
You kill the orc!
Makhleb accepts your kill.
You feel a little better. The orc hits you with a hand axe!
Things that are here:
a hand axe; an orc corpse You hit the orc.
The orc is moderately wounded.
The orc hits you but does no damage.
You barely miss the orc.
The orc is moderately wounded.
The orc hits you with a hand axe.
You bite the orc!
You kill the orc!
Makhleb accepts your kill.
You feel a little better.
Your transformation is almost over.
The goliath beetle bites you!!
You die...

##..#.......####..##
#...####..### ##..# ##..#
##...## ###..
.###...####.....####....
..#....##....#..........
............###..###....#
...........## #.## #....#
###.....)## #.. ##...##
##...s## ###..##.....#
##..B###............. #
##..%...........####. ..#
##.......#####...# ##
#...#####..##..### #...#
#........###...##
##...##### ##......##
###..###......##.
#..)...# ##..##.........
#....#..# ##............


You could see a goliath beetle.

Vanquished Creatures
  Edmund (D:5)
  A phantom (D:4)
  Purgy (Sewer)
  An ice beast (D:5)
  3 ogres
  Blork the orc (D:3)
  A giant frog (D:5)
  A scorpion (D:6)
  4 killer bees (D:6)
  A hound (D:7)
  3 crimson imps
  A goliath beetle (D:6)
  A giant frog zombie (D:6)
  2 orc priests (D:4)
  3 iguanas
  3 orc wizards
  8 worker ants
  Jessica (D:3)
  2 mummies (D:4)
  Terence (D:3)
  Robin (D:3)
  7 gnolls (D:4)
  11 adders
  A river rat (D:3)
  3 giant mites
  4 worms
  A shadow imp (D:5)
  2 adder skeletons (D:6)
  4 giant geckos
  27 orcs
  18 bats
  A giant cockroach (D:4)
  24 goblins
  12 hobgoblins
  2 jackals (D:3)
  5 quokkas
  A giant gecko zombie (D:6)
  5 giant newts
  A giant spore (D:6)
  2 gnoll zombies (Ossuary)
  2 goblin skeletons (D:5)
  A goblin zombie (D:5)
  2 hobgoblin zombies (D:5)
  10 kobolds
  A kobold zombie (D:5)
  2 orc skeletons (D:5)
  An orc zombie (D:5)
  A quokka skeleton (D:6)
  A quokka zombie (D:5)
  15 rats
  2 ballistomycetes (D:6)
210 creatures vanquished.

Vanquished Creatures (others)
  A giant spore (D:7)
1 creature vanquished.

Grand Total: 211 creatures vanquished

Notes
Turn   | Place    | Note
--------------------------------------------------------------
     0 | D:1      | hulla, the Octopode Transmuter, began the quest for the Orb.
     0 | D:1      | Reached XP level 1. HP: 13/13 MP: 3/3
   271 | D:1      | Reached XP level 2. HP: 9/18 MP: 4/4
   305 | D:1      | Found a shattered altar of Ashenzari.
   901 | D:2      | Found a sacrificial altar of Ru.
   910 | D:2      | Reached XP level 3. HP: 15/23 MP: 4/6
   921 | D:2      | Learned a level 3 spell: Spider Form
   924 | D:2      | Learned a level 2 spell: Sticks to Snakes
  1178 | D:2      | Reached skill level 1 in Poison Magic
  1424 | D:2      | Reached XP level 4. HP: 28/28 MP: 5/7
  1609 | D:2      | Reached skill level 4 in Transmutations
  2279 | D:3      | Found a glowing drain.
  2343 | D:3      | Reached XP level 5. HP: 15/33 MP: 0/9
  2577 | Sewer    | Entered a sewer
  2615 | Sewer    | Noticed Purgy
  2628 | Sewer    | Killed Purgy
  2697 | D:3      | Noticed Jessica
  2706 | D:3      | Killed Jessica
  2706 | D:3      | Reached XP level 6. HP: 29/38 MP: 6/10
  2725 | D:3      | Reached skill level 5 in Transmutations
  2753 | D:3      | Noticed Blork the orc
  2766 | D:3      | Found a deep blue altar of Sif Muna.
  2778 | D:3      | Killed Blork the orc
  2965 | D:3      | Noticed Terence
  2984 | D:3      | Killed Terence
  3366 | D:3      | Found a shattered altar of Ashenzari.
  3514 | D:3      | Noticed Robin
  3523 | D:3      | Killed Robin
  3727 | D:4      | Found a sand-covered staircase.
  3736 | Ossuary  | Entered an ossuary
  4232 | D:4      | Found a staircase to the Ecumenical Temple.
  4253 | Temple   | Entered the Ecumenical Temple
  4282 | Temple   | Became a worshipper of Makhleb the Destroyer
  4369 | D:4      | Reached XP level 7. HP: 37/43 MP: 12/12
  4391 | D:4      | Found a bloodstained altar of Trog.
  4861 | D:4      | Reached skill level 6 in Transmutations
  4877 | D:4      | Acquired Makhleb's first power
  5641 | D:5      | Entered Level 5 of the Dungeon
  5726 | D:5      | Reached XP level 8. HP: 42/48 MP: 13/13
  5743 | D:5      | Identified a +1 rod of destruction (14/14) (You found it on level 5 of the Dungeon)
  5772 | D:5      | Reached skill level 5 in Dodging
  5772 | D:5      | Reached skill level 7 in Transmutations
  5892 | D:5      | Learned a level 4 spell: Ice Form
  5926 | D:5      | Reached skill level 1 in Ice Magic
  5944 | D:5      | Noticed Edmund
  5961 | D:5      | Killed Edmund
  6421 | D:5      | Acquired Makhleb's second power
  6589 | D:5      | Found a glowing golden altar of the Shining One.
  6833 | D:6      | Reached skill level 5 in Ice Magic
  7329 | D:6      | Found a snail-covered altar of Cheibriados.
  7554 | D:6      | Reached XP level 9. HP: 39/54 MP: 14/14
  7720 | D:6      | Found a basalt altar of Yredelemnul.
  7727 | D:6      | Acquired Makhleb's third power
  8647 | D:7      | Slain by a goliath beetle

Action                   |  1- 3 |  4- 6 |  7- 9 || total
-------------------------+-------+-------+-------++-------
Melee: Unarmed           |    74 |   212 |   414 ||   700
 Fire: Hunting sling     |       |    16 |       ||    16
Throw: Stone             |       |       |     1 ||     1
 Cast: Beastly Appendage |     7 |     7 |     3 ||    17
       Spider Form       |       |    19 |    30 ||    49
       Sticks to Snakes  |       |     3 |     6 ||     9
       Ice Form          |       |       |     5 ||     5
 Abil: End Transformatio |       |     1 |       ||     1
Evoke: Rod               |       |       |     3 ||     3
  Use: Potion            |     4 |       |     1 ||     5
       Scroll            |     1 |     3 |       ||     4
 Stab: Sleeping          |     2 |     2 |     6 ||    10
       Distracted        |     1 |       |       ||     1
  Eat: Chunk             |     2 |    12 |    19 ||    33
       Fruit             |       |       |     1 ||     1
